 Dungeon Crawl Stone Soup version 0.27.1 (webtiles) character file.

Game seed: 8124101938648702390

47 sidorion the Slasher (level 3, 31/31 HPs)
             Began as a Gnoll Wanderer on Aug 30, 2021.
             Quit the game on level 2 of the Dungeon.
             The game lasted 00:04:02 (1249 turns).

sidorion the Slasher (Gnoll Wanderer)               Turns: 1249, Time: 00:04:03

Health: 31/31      AC:  2    Str: 11    XL:     3   Next: 70%
Magic:  4/4        EV: 12    Int: 11    God:
Gold:   36         SH:  0    Dex: 12    Spells: 3/3 levels left

rFire    . . .     SeeInvis .   g - +1 hand axe (elec)
rCold    . . .     Faith    .   (no shield)
rNeg     . . .     Spirit   .   e - +0 robe
rPois    .         Reflect  .   (no helmet)
rElec    .         Harm     .   (no cloak)
rCorr    .         Rampage  .   (no gloves)
Will     .....                  (no boots)
Stlth    ++........             (no amulet)
HPRegen  0.10/turn              (no ring)
MPRegen  0.09/turn              (no ring)

@: no status effects
A: fangs 1, strong nose, distributed training
a: no special abilities


You were on level 2 of the Dungeon.
You visited 1 branch of the dungeon, and saw 2 of its levels.

You collected 36 gold pieces.

Inventory:

Hand Weapons
 g - a +1 hand axe of electrocution (weapon)
Armour
 e - a +0 robe (worn)
Scrolls
 i - 2 scrolls of noise {unknown}
Potions
 a - a potion of ambrosia {unknown}
 b - 2 potions of heal wounds
 c - a potion of curing
 d - a potion of cancellation {unknown}
 f - a potion of might {unknown}
 h - a potion of flight {unknown}


   Skills:
 + Level 4.5 Fighting
 + Level 0.9 Short Blades
 + Level 4.5 Long Blades
 + Level 2.6 Axes
 + Level 0.9 Maces & Flails
 + Level 0.9 Polearms
 + Level 0.9 Staves
 + Level 0.9 Slings
 + Level 0.9 Bows
 + Level 0.9 Crossbows
 + Level 2.6 Throwing
 + Level 2.6 Armour
 + Level 2.6 Dodging
 + Level 2.4 Stealth
 + Level 0.9 Shields
 + Level 0.9 Unarmed Combat
 + Level 0.9 Spellcasting
 + Level 0.6 Conjurations
 + Level 0.6 Hexes
 + Level 0.6 Summonings
 + Level 0.6 Necromancy
 + Level 0.6 Translocations
 + Level 0.6 Transmutations
 + Level 0.6 Fire Magic
 + Level 0.6 Ice Magic
 + Level 0.6 Air Magic
 + Level 0.6 Earth Magic
 + Level 0.6 Poison Magic
 + Level 1.0 Invocations
 + Level 2.6 Evocations


You had 3 spell levels left.
You didn't know any spells.
Your spell library contained the following spells:

 Spells                   Type           Power      Damage    Failure   Level
 Stone Arrow              Conj/Erth      2%         3d7       58%         3
 Petrify                  Tmut/Erth      1%         N/A       94%         4
 Bolt of Magma            Conj/Fire/Erth 0%         4d4       100%        5
 Metabolic Englaciation   Hex/Ice        0%         N/A       100%        5
 Statue Form              Tmut/Erth      0%         N/A       100%        6
 Shatter                  Erth           0%         3d5*      100%        9


Dungeon Overview and Level Annotations

Branches:
Dungeon (2/15)

Altars:

Shops:
D:2 (


Innate Abilities, Weirdness & Mutations

You have very sharp teeth.
Your uncanny sense of smell can sniff out nearby items.
Your experience applies equally to all skills.


Message History

You kill the bat!
You hit the kobold. The kobold misses you.
You hit the kobold. Lightning courses through the kobold!
You kill the kobold!
No target in view!
A giant cockroach comes into view.
A giant cockroach is nearby!
Things that are here:
a +0 dagger; 26 stones You barely miss the giant cockroach.
The giant cockroach bites you.
You hit the giant cockroach but do no damage.
The giant cockroach bites you but does no damage.
You hit the giant cockroach but do no damage.
The giant cockroach closely misses you. The giant cockroach misses you.
You barely miss the giant cockroach. The giant cockroach closely misses you.
You hit the giant cockroach.
The giant cockroach is almost dead.
The giant cockroach closely misses you.
You hit the giant cockroach but do no damage.
The giant cockroach is almost dead.
The giant cockroach bites you but does no damage. x2
You hit the giant cockroach.
You kill the giant cockroach!
You start resting.
HP restored.
You see here a bat corpse.
i - 2 scrolls labelled LISUTW ONAKHU
There is an open door here.
You open the door.
There is an open door here.
Found a stone staircase leading down.
Found a book of the Earth.
Found a stone staircase leading up.
You pick up a book of the Earth and begin reading...
You add the spells Stone Arrow, Bolt of Magma and Shatter to your library.
You open the door.
There is an open door here.
Found Duam's Weapon Emporium.
There is an entrance to Duam's Weapon Emporium here.
Are you sure you want to abandon this character and quit the game? (Confirm with "yes".)

#<....#
#####.############
#####............#
........###### #.#
......>.'..# ..##
........##.# #..
........##.# #.# #
##########.#####.#.#
#......@..# #######
#####.#.### .......
#.#.# ....... #.#.#
....... #.#.#
....... #.#..
....... #.###
....... #.. .......


There were no monsters in sight!

Vanquished Creatures
  An adder (D:2)
  A dart slug (D:1)
  A ball python (D:1)
  2 bats
  2 endoplasms
  3 giant cockroaches
  5 goblins
  5 hobgoblins
  3 kobolds (D:2)
  A quokka (D:2)
  4 frilled lizards
  5 rats
33 creatures vanquished.

Notes
Turn   | Place    | Note
-------+----------+-------------------------------------------
     0 | D:1      | sidorion the Gnoll Wanderer began the quest for the Orb.
     0 | D:1      | sidorion set off with the following items: a +2 dagger, a
                  | potion of heal wounds, a potion of curing, a +0 hand axe, a
                  | +0 robe
     0 | D:1      | Reached XP level 1. HP: 20/20 MP: 1/1
   362 | D:1      | Reached XP level 2. HP: 24/26 MP: 2/2
   850 | D:2      | Reached XP level 3. HP: 27/31 MP: 3/3
   916 | D:2      | Reached skill level 1 in Invocations
  1241 | D:2      | Found Duam's Weapon Emporium.
  1249 | D:2      | Quit the game

Illustrated notes

Levels and vault maps discovered:
D:1:      dpeg_arrival_leaves_temple_mockup, layout_loops_cross
D:2:      layout_basic, serial_shops, nicolae_shop_crystal,
          hellmonk_ecumenical_altar_watching_god

Skill      XL: |  1  2  3 |
---------------+----------+-----
Invocations    | 1 |  1.0
Fighting       | |  4.5
Short Blades   | |  0.9
Long Blades    | |  4.5
Axes           | |  2.6
Maces & Flails | |  0.9
Polearms       | |  0.9
Staves         | |  0.9
Slings         | |  0.9
Bows           | |  0.9
Crossbows      | |  0.9
Throwing       | |  2.6
Armour         | |  2.6
Dodging        | |  2.6
Stealth        | |  2.4
Shields        | |  0.9
Unarmed Combat | |  0.9
Spellcasting   | |  0.9
Conjurations   | |  0.6
Hexes          | |  0.6
Summonings     | |  0.6
Necromancy     | |  0.6
Translocations | |  0.6
Transmutations | |  0.6
Fire Magic     | |  0.6
Ice Magic      | |  0.6
Air Magic      | |  0.6
Earth Magic    | |  0.6
Poison Magic   | |  0.6
Evocations     | |  2.6

Action                   || total
-------------------------++-------
Melee: Dagger            ||    21
       Hand axe          ||    69
       Bite              ||     2
  Use: Scroll            ||     2
 Stab: Sleeping          ||     4
Armor: Robe              ||    17
Dodge: Dodged            ||    58
